 Dungeon Crawl Stone Soup version 0.19-a0-1933-g052ff51 (webtiles) character file.

333 Jorund the Chopper (level 6, -4/44 HPs)
             Began as a Demonspawn Skald on Oct 26, 2016.
             Killed by divine providence
             ... invoked by an orc priest
              (15 damage)
             ... on level 3 of the Dungeon.
             The game lasted 00:03:57 (2074 turns).

Jorund the Chopper (Demonspawn Skald)               Turns: 2074, Time: 00:03:58

Health: -4/44      AC:  4    Str: 12    XL:     6   Next: 27%
Magic:  8/9        EV: 11    Int: 15    God:
Gold:   236        SH:  0    Dex: 15    Spells: 1 memorised, 8 levels left

rFire  . . .     SeeInvis .     a - +0 hand axe
rCold  . . .     Gourm    .     b - +0 leather armour
rNeg   . . .     Faith    .     (no shield)
rPois  .         Spirit   .     (helmet restricted)
rElec  .         Reflect  .     f - +1 cloak
rCorr  .         Harm     .     (no gloves)
MR     .....                    p - -2 pair of boots (curse)
Stlth  ++........               (no amulet)
                                (no ring)
                                (no ring)

@: infused (expiring)
A: antennae 1, thin skeletal structure 1, foul stench 1, rot immunity
a: no special abilities


You were on level 3 of the Dungeon.
You were not hungry.

You visited 1 branch of the dungeon, and saw 4 of its levels.

You collected 236 gold pieces.

Inventory:

Hand Weapons
 a - a +0 hand axe (weapon)
Missiles
 o - a throwing net (quivered)
Armour
 b - a +0 leather armour (worn)
 f - a +1 cloak (worn)
 n - a +0 ring mail of fire resistance
 p - a cursed -2 pair of boots (worn)
Wands
 e - a wand of lightning (8/15)
 q - a wand of enslavement (18/24)
Scrolls
 g - a scroll of fog {unknown}
 h - 2 scrolls of remove curse {unknown}
 i - 4 scrolls of recharging {unknown}
 j - 4 scrolls of identify {unknown}
 l - 3 scrolls of teleportation {unknown}
 m - a scroll of blinking {unknown}
Potions
 k - 2 potions of curing
Books
 c - a book of Battle

   Spells                             Type                      Level
   a - Infusion                       Charms                       1
   b - Shroud of Golubria             Charms/Translocation         2
   c - Song of Slaying                Charms                       2
   d - Spectral Weapon                Hexes/Charms                 3
   e - Regeneration                   Charms/Necromancy            3
Comestibles
 d - 3 bread rations
 r - a chunk of flesh


   Skills:
 - Level 2.0 Fighting
 + Level 6.1 Axes
 - Level 0.8 Armour
 - Level 0.8 Dodging
 - Level 2.0 Spellcasting
 - Level 2.6 Charms


You had 8 spell levels left.
You knew the following spells:

 Your Spells              Type           Power        Failure   Level  Hunger
a - Infusion              Chrm           #...         12%         1    #......


Dungeon Overview and Level Annotations

Branches:
Dungeon (4/15)
 Temple: D:4-7

Altars:
Elyvilon


Innate Abilities, Weirdness & Mutations

You have a pair of small antennae on your head.
You have a somewhat thin skeletal structure. (Dex +2, Stealth)
You may emit foul miasma when damaged in melee.
You are immune to rotting.


Message History

You hit the orc.
You kill the orc!
The orc priest invokes the aid of Beogh against you.
Beogh smites you!
An orc comes into view. It is wielding a dagger.
You see here a scale mail.
You completely miss the orc.
The orc priest mumbles some strange prayers to Beogh against you.
Beogh smites you!
* * * LOW HITPOINT WARNING * * *
The orc hits you with a whip.
* * * LOW HITPOINT WARNING * * *
You are too injured to fight recklessly!
You feel better.
Your magical infusion is running out.
The orc misses you.
Okay, then.
The orc priest mumbles some strange prayers to Beogh against you.
Beogh smites you!
You die...

##...........##.#
#...........##.#
##.........###.#
...#####.###...#
#.#.#####.###...#
#.#........)....#
#######.###...########
#.# ###.[oo.oo.. #.#
#@######## #.# #.# #.#
#.# #.. ..# ## ###


You could see an orc priest and 3 orcs.

Vanquished Creatures
  Grinder (D:3)
  Terence (D:3)
  4 adders
  3 dart slugs
  4 leopard geckos
  An orc (D:3)
  10 bats
  2 giant cockroaches
  10 goblins
  3 hobgoblins
  6 jackals
  7 kobolds
  A quokka (D:3)
  A ball python (D:3)
  6 frilled lizards
  8 rats
68 creatures vanquished.

Notes
Turn   | Place    | Note
-------+----------+-------------------------------------------
     0 | D:1      | Jorund the Demonspawn Skald began the quest for the Orb.
     0 | D:1      | Reached XP level 1. HP: 16/16 MP: 3/3
    17 | D:1      | Reached skill level 2 in Axes
    35 | D:1      | Gained mutation: You have a pair of small antennae on your head. [demonic ancestry]
    35 | D:1      | Reached XP level 2. HP: 15/22 MP: 5/5
   378 | D:1      | Reached skill level 3 in Axes
   610 | D:1      | Gained mutation: You are immune to rotting. [demonic ancestry]
   610 | D:1      | Reached XP level 3. HP: 25/27 MP: 6/6
  1471 | D:2      | Reached skill level 4 in Axes
  1471 | D:2      | Reached XP level 4. HP: 9/33 MP: 7/7
  1739 | D:3      | Noticed Grinder
  1761 | D:3      | Paralysed by Grinder for 6 turns
  1776 | D:3      | Killed Grinder
  1776 | D:3      | Reached skill level 5 in Axes
  1776 | D:3      | Gained mutation: You have a somewhat thin skeletal structure. (Dex +2, Stealth) [demonic ancestry]
  1776 | D:3      | Reached XP level 5. HP: 38/38 MP: 8/8
  1776 | D:3      | Gained mutation: You may emit foul miasma when damaged in melee. [demonic ancestry]
  1776 | D:3      | Reached XP level 6. HP: 44/44 MP: 9/9
  1851 | D:3      | Found a white marble altar of Elyvilon.
  1906 | D:3      | You fall through a shaft!
  1943 | D:3      | Reached skill level 6 in Axes
  2018 | D:3      | Noticed Terence
  2031 | D:3      | Killed Terence
  2072 | D:3      | HP: 1/44 [orc/whip (4)]
  2074 | D:3      | Killed from afar by an orc priest

Vault maps used:
D:1:      lightli_arrival_flooded_house, minmay_tiny_reverse_x
D:3:      minmay_diamond_boxcup, vehumet_crystals,
          nicolae_overflow_crystal_walls, hangedman_decor_clover_reticule,
          st_stairs_10, nicolae_qazlal_style_of_elements, uniq_grinder,
          uniq_terence, uniq_jessica

Skill      XL: |  1  2  3  4  5  6 |
---------------+-------------------+-----
Axes           | 2 3 4 5 6 |  6.1
Fighting       | |  2.0
Armour         | |  0.8
Dodging        | |  0.8
Spellcasting   | |  2.0
Charms         | |  2.6

Action                   |  1- 3 |  4- 6 || total
-------------------------+-------+-------++-------
Melee: Hand axe          |   170 |   103 ||   273
 Cast: Infusion          |     2 |     5 ||     7
  Use: Potion            |       |     4 ||     4
 Stab: Sleeping          |     2 |     3 ||     5
  Eat: Chunk             |     2 |     2 ||     4
Armor: Leather armour    |    83 |    20 ||   103
       Skin              |       |    19 ||    19
Dodge: Dodged            |   113 |    53 ||   166
